Construct Infanterie Kompanie
Selects Terror Battlegroup
Selects Machine Gun Camouflage
Infanterie Officer Quarters
Construct Panzergrenadier Kompanie
Panzergrenadier Officer Quarters
Pak 40 Anti-tank Gun Team
Selects Defend the Fatherland
Selects Contempt for the Weak
Construct Panzer Kompanie
Selects Propaganda Leaflet Drop
Pak 40 Anti-tank Gun Team
Pak 40 Anti-tank Gun Team
Selects King Tiger Heavy Tank